Lightning vs Senateurs
Created - October 24, 2019 at 23:43
Goals
|
| Lightning |
1 |
1 |
3 |
5 |
| Senateurs |
0 |
2 |
1 |
3 |
|
Shots
|
| Lightning |
19 |
5 |
7 |
31 |
| Senateurs |
12 |
16 |
11 |
39 |
|
1st period
1. Lightning , Rasmus Ristolainen 1 (Rickard Rakell 1, Jaroslav Halak) at 18:41 (PP)
Penalties :
Cody Franson (Ott) for Cross-checking (Minor) at 6:58, Colby Armstrong (Ott) for High sticking (Minor) at 17:26
2nd period
2. Lightning , Mika Zibanejad 1 (Theo Peckham 1) at 8:12
3. Senateurs , Colby Armstrong 1 (Sidney Crosby 1, Duncan Keith 1) at 10:54
4. Senateurs , Daniel Briere 1 (Cody Franson 1) at 18:46 (PP)
Penalties :
Dion Phaneuf (Ott) for High sticking (Minor) at 0:22, Nate Prosser (Ott) for High sticking (Minor) at 3:14, Carlo Colaiacovo (Ott) for Charging (Minor) at 15:20, Theo Peckham (TB.) for Tripping (Minor) at 17:59
3rd period
5. Lightning , Rasmus Ristolainen 2 (Jeff Schultz 2) at 0:10
6. Lightning , Rickard Rakell 1 (Brent Burns 2, Mika Zibanejad 1) at 5:28
7. Senateurs , Sidney Crosby 2 (Phil Kessel 2, Jamie Benn 1) at 5:46 (PP)
8. Lightning , Mika Zibanejad 2 (Jeff Schultz 3, Jason Akeson 1) at 14:58
Penalties :
Carlo Colaiacovo (Ott) for Hooking (Minor) at 1:22, Rickard Rakell (TB.) for High sticking (Minor) at 5:33, Justin Schultz (TB.) for Roughing (Minor) at 6:46, Stephane Da Costa (Ott) for Hooking (Minor) at 15:56
Goalie Stats
Jaroslav Halak (TB.), 36 saves from 39 shots - (0.923), W, 2-0-0, 60:00 minutes
Ondrej Pavelec (Ott), 26 saves from 31 shots - (0.839), L, 1-1-0, 60:00 minutes
Players Stats for Lightning
Player Name G A P +/- PIM S H SB GA TA FO MP PP MP PK MP
------------------------------------------------------------------------------------
Andy Rogers 0 0 0 0 0 0 0 0 0 0 0/0 9:40 0:00 1:37
Brad Boyes 0 0 0 -1 0 0 1 0 0 0 0/0 9:31 0:14 0:00
Brandon Sutter 0 0 0 -1 0 3 2 0 0 0 3/11 11:29 0:10 2:02
Brent Burns 0 1 1 1 0 1 1 1 0 2 0/0 23:03 5:06 1:33
Chad Larose 0 0 0 0 0 0 0 0 0 0 0/1 5:32 0:00 0:28
Gabriel Landeskog 0 0 0 0 0 4 1 0 0 0 0/2 25:13 7:17 2:02
Jason Akeson 0 1 1 4 0 1 2 1 0 0 0/2 19:27 5:52 0:00
Jeff Schultz 0 2 2 2 0 2 3 2 0 3 0/0 27:41 8:03 1:26
Jordan Nolan 0 0 0 0 0 2 2 0 0 0 14/30 23:03 7:07 0:00
Justin Schultz 0 0 0 1 2 1 2 1 2 2 0/0 23:50 5:06 0:35
Michael Raffl 0 0 0 0 0 0 0 0 1 0 0/0 5:18 0:03 0:29
Mika Zibanejad 2 1 3 4 0 3 0 0 1 1 11/29 19:29 5:52 0:00
Mikael Backlund 0 0 0 0 0 0 0 0 0 0 1/1 5:32 0:00 0:28
Rasmus Ristolainen 2 0 2 2 0 4 1 0 0 2 0/0 27:28 8:03 0:00
Rickard Rakell 1 1 2 4 2 2 3 0 2 0 0/0 19:44 5:49 0:29
Simon Gagné 0 0 0 -1 0 2 0 0 0 0 0/1 9:17 0:00 0:00
Theo Peckham 0 1 1 0 2 1 0 0 0 1 0/0 8:42 0:00 0:47
Tyler Toffoli 0 0 0 0 0 5 0 0 0 0 0/0 22:59 7:03 0:00
Players Stats for Senateurs
Player Name G A P +/- PIM S H SB GA TA FO MP PP MP PK MP
------------------------------------------------------------------------------------
Carlo Colaiacovo 0 0 0 0 4 0 2 0 0 1 0/0 12:03 0:00 1:45
Cody Franson 0 1 1 -2 2 4 1 1 0 1 0/0 27:51 1:12 7:03
Colby Armstrong 1 0 1 -1 2 6 0 0 0 0 0/2 17:52 1:18 0:00
Daniel Briere 1 0 1 -1 0 1 1 1 0 0 6/10 12:55 1:18 2:28
Daniel Sedin 0 0 0 -1 0 0 1 0 1 1 0/0 13:09 1:18 0:12
Dion Phaneuf 0 0 0 -1 2 5 1 2 3 0 0/0 25:53 1:47 4:00
Duncan Keith 0 1 1 -2 0 1 2 2 0 0 0/0 16:20 1:12 0:46
Evgeni Malkin 0 0 0 0 0 4 2 1 1 1 12/21 18:44 1:47 4:16
Jamie Benn 0 1 1 -1 0 4 1 0 2 0 1/1 20:46 1:41 2:21
Mark Giordano 0 0 0 0 0 0 0 1 1 1 0/0 18:38 0:00 8:25
Michel Ouellet 0 0 0 0 0 0 0 0 0 0 0/0 5:00 0:00 0:00
Nate Prosser 0 0 0 -1 2 0 3 0 0 1 0/0 19:00 0:00 4:19
Phil Kessel 0 1 1 -1 0 1 2 0 1 0 1/1 13:14 1:41 0:00
Radim Vrbata 0 0 0 -1 0 2 3 3 0 0 0/0 16:20 0:00 7:08
Ryan Hollweg 0 0 0 0 0 3 1 0 0 0 0/0 9:36 0:00 3:28
Sergei Kostitsyn 0 0 0 -2 0 0 1 0 1 0 0/0 9:39 0:00 0:00
Sidney Crosby 1 1 2 -1 0 7 1 1 1 0 22/34 18:25 1:41 0:13
Stephane Da Costa 0 0 0 0 2 1 0 1 0 0 6/8 11:19 0:00 6:12
3 Stars
1 - Mika Zibanejad (TB.)
2 - Rasmus Ristolainen (TB.)
3 - Rickard Rakell (TB.)
Power Play
Lightning - 1 on 7 Attempt(s) - 14.29%
Senateurs - 2 on 3 Attempt(s) - 66.67%
Penalty Kill
Lightning - 1 on 3 Attempt(s) - 33.33%
- Score 0 goal in Penalty Kill
Senateurs - 6 on 7 Attempt(s) - 85.71%
- Score 0 goal in Penalty Kill
Team Stat
Lightning - Hits : 18 - Faceoff Wins : 29 - Blocked Shots : 5 - Penalty Minutes : 6
Senateurs - Hits : 22 - Faceoff Wins : 48 - Blocked Shots : 13 - Penalty Minutes : 14
Official
Referees : Unknown
Linesman : Unknown
Game Notes
No Game Note
Finance
Level 1 -- Attendance: 5706 (95.10%) -- Ticket Income $587,718
Level 2 -- Attendance: 4005 (80.10%) -- Ticket Income $272,340
Level 3 -- Attendance: 2000 (100.00%) -- Ticket Income $86,000
Level 4 -- Attendance: 4000 (100.00%) -- Ticket Income $112,000
Luxury Box -- Attendance: 897 (89.70%) -- Ticket Income $161,460
Game was played at the Place Banque Scotia.
Total Attendance: 16608 (92.27%)
Total Ticket Income: $1,219,518
Other Income: $182,928
Total Income: $1,402,446
Lightning
5 vs 5 Forward
Center Left Wing Right Wing Time % Phy DF OF
1 Jordan Nolan Gabriel Landeskog Tyler Toffoli 40 1 2 2
2 Mika Zibanejad Rickard Rakell Jason Akeson 35 1 2 2
3 Brandon Sutter Simon Gagné Brad Boyes 20 1 2 2
4 Mikael Backlund Michael Raffl Chad Larose 5 1 2 2
5 vs 5 Defense
Defense Defense Time % Phy DF OF
1 Rasmus Ristolainen Jeff Schultz 40 1 2 2
2 Justin Schultz Brent Burns 35 1 2 2
3 Andy Rogers Theo Peckham 15 1 2 2
4 Rasmus Ristolainen Justin Schultz 10 1 2 2
PowerPlay Forward
Center Left Wing Right Wing Time % Phy DF OF
1 Jordan Nolan Gabriel Landeskog Tyler Toffoli 60 1 2 2
2 Mika Zibanejad Rickard Rakell Jason Akeson 40 1 2 2
PowerPlay Defense
Defense Defense Time % Phy DF OF
1 Rasmus Ristolainen Jeff Schultz 60 1 2 2
2 Justin Schultz Brent Burns 40 1 2 2
Penalty Kill 4 Players Forward
Center Wing Time % Phy DF OF
1 Brandon Sutter Gabriel Landeskog 60 1 2 2
2 Mikael Backlund Chad Larose 40 1 2 2
Penalty Kill 4 Players Defense
Defense Defense Time % Phy DF OF
1 Jeff Schultz Brent Burns 60 1 2 2
2 Justin Schultz Andy Rogers 40 1 2 2
Penalty Kill - 3 Players Forward
Forward Time % Phy DF OF
1 Brandon Sutter 60 1 2 2
2 Gabriel Landeskog 40 1 2 2
Penalty Kill - 3 Players Defense
Defense Defense Time % Phy DF OF
1 Jeff Schultz Brent Burns 60 1 2 2
2 Justin Schultz Andy Rogers 40 1 2 2
4 vs 4 Forward
Center Wing Time % Phy DF OF
1 Jordan Nolan Gabriel Landeskog 60 1 2 2
2 Brandon Sutter Tyler Toffoli 40 1 2 2
4 vs 4 Defense
Defense Defense Time % Phy DF OF
1 Rasmus Ristolainen Jeff Schultz 60 1 2 2
2 Justin Schultz Brent Burns 40 1 2 2
Last Minutes Offensive
Center Left Wing Right Wing Defense Defense
Jordan Nolan Gabriel Landeskog Tyler Toffoli Rasmus Ristolainen Brent Burns
Last Minutes Defensive
Center Left Wing Right Wing Defense Defense
Brandon Sutter Simon Gagné Chad Larose Jeff Schultz Justin Schultz
Goaltenders
Starting : Jaroslav Halak
Backup : Andrew Hammond
Extra Forwards
Normal : Mika Zibanejad, Jason Akeson, Michael Raffl - PP : Mika Zibanejad, Jason Akeson - PK : Michael Raffl
Extra Defensemen
Normal : Rasmus Ristolainen, Theo Peckham, Justin Schultz - PP : Rasmus Ristolainen - PK : Theo Peckham, Justin Schultz
Penalty Shots
Tyler Toffoli, Gabriel Landeskog, Brandon Sutter, Jason Akeson, Rickard Rakell
Scratches
Jack Skille (Healthy), Pierre-Luc Létourneau (Healthy), Tyler Brenner (Healthy)
Senateurs
5 vs 5 Forward
Center Left Wing Right Wing Time % Phy DF OF
1 Sidney Crosby Jamie Benn Colby Armstrong 40 1 2 2
2 Evgeni Malkin Daniel Sedin Phil Kessel 30 1 2 2
3 Daniel Briere Sergei Kostitsyn Radim Vrbata 20 1 2 2
4 Stephane Da Costa Ryan Hollweg Michel Ouellet 10 1 2 2
5 vs 5 Defense
Defense Defense Time % Phy DF OF
1 Dion Phaneuf Cody Franson 40 1 2 2
2 Duncan Keith Nate Prosser 30 1 2 2
3 Mark Giordano Carlo Colaiacovo 20 1 2 2
4 Dion Phaneuf Cody Franson 10 1 2 2
PowerPlay Forward
Center Left Wing Right Wing Time % Phy DF OF
1 Sidney Crosby Jamie Benn Phil Kessel 60 1 2 2
2 Daniel Briere Daniel Sedin Colby Armstrong 40 1 2 2
PowerPlay Defense
Defense Defense Time % Phy DF OF
1 Dion Phaneuf Evgeni Malkin 60 1 2 2
2 Duncan Keith Cody Franson 40 1 2 2
Penalty Kill 4 Players Forward
Center Wing Time % Phy DF OF
1 Stephane Da Costa Radim Vrbata 60 1 2 2
2 Evgeni Malkin Ryan Hollweg 40 1 2 2
Penalty Kill 4 Players Defense
Defense Defense Time % Phy DF OF
1 Mark Giordano Cody Franson 60 1 2 2
2 Dion Phaneuf Nate Prosser 40 1 2 2
Penalty Kill - 3 Players Forward
Forward Time % Phy DF OF
1 Sidney Crosby 60 1 2 2
2 Evgeni Malkin 40 1 2 2
Penalty Kill - 3 Players Defense
Defense Defense Time % Phy DF OF
1 Dion Phaneuf Cody Franson 60 1 2 2
2 Duncan Keith Nate Prosser 40 1 2 2
4 vs 4 Forward
Center Wing Time % Phy DF OF
1 Sidney Crosby Evgeni Malkin 60 1 2 2
2 Daniel Briere Phil Kessel 40 1 2 2
4 vs 4 Defense
Defense Defense Time % Phy DF OF
1 Dion Phaneuf Cody Franson 60 1 2 2
2 Duncan Keith Nate Prosser 40 1 2 2
Last Minutes Offensive
Center Left Wing Right Wing Defense Defense
Sidney Crosby Jamie Benn Phil Kessel Dion Phaneuf Cody Franson
Last Minutes Defensive
Center Left Wing Right Wing Defense Defense
Sidney Crosby Jamie Benn Phil Kessel Dion Phaneuf Cody Franson
Goaltenders
Starting : Ondrej Pavelec
Backup : Roberto Luongo
Extra Forwards
Normal : Sergei Kostitsyn, Ryan Hollweg, Radim Vrbata - PP : Sergei Kostitsyn, Ryan Hollweg - PK : Radim Vrbata
Extra Defensemen
Normal : Mark Giordano, Carlo Colaiacovo, Duncan Keith - PP : Mark Giordano - PK : Carlo Colaiacovo, Duncan Keith
Penalty Shots
Sidney Crosby, Evgeni Malkin, Phil Kessel, Daniel Briere, Jamie Benn
Scratches
Chris Kunitz (Healthy), Arturs Kulda (Healthy)
% Time on Ice - Lightning
Lines # - Real PCT - Wanted PCT - Time Play
Normal Forward
1 - 37% - 40% - 16:04
2 - 32% - 35% - 13:53
3 - 21% - 20% - 9:17
4 - 11% - 5% - 4:38
Normal Defense
1 - 39% - 40% - 17:18
2 - 40% - 35% - 17:24
3 - 16% - 15% - 7:03
4 - 5% - 10% - 2:07
PP Forward
1 - 55% - 60% - 7:17
2 - 45% - 40% - 5:52
PP Defense
1 - 61% - 60% - 8:03
2 - 39% - 40% - 5:06
PK Forward
1 - 84% - 60% - 2:31
2 - 16% - 40% - 0:28
PK Defense
1 - 42% - 60% - 1:16
2 - 58% - 40% - 1:43
PK3 Forward
1 - 0% - 60%
2 - 0% - 40%
PK3 Defense
1 - 0% - 60%
2 - 0% - 40%
44 Forward
1 - 0% - 60%
2 - 0% - 40%
44 Defense
1 - 0% - 60%
2 - 0% - 40%
Last Minute Offensive - 0:00
Last Minute Defensive - 0:00
Total
Forward - 60:00
Defense - 60:00
|
% Time on Ice - Senateurs
Lines # - Real PCT - Wanted PCT - Time Play
Normal Forward
1 - 39% - 40% - 17:00
2 - 29% - 30% - 12:46
3 - 21% - 20% - 9:06
4 - 11% - 10% - 5:00
Normal Defense
1 - 40% - 40% - 17:27
2 - 34% - 30% - 14:44
3 - 22% - 20% - 9:39
4 - 5% - 10% - 2:02
PP Forward
1 - 56% - 60% - 1:41
2 - 44% - 40% - 1:18
PP Defense
1 - 60% - 60% - 1:47
2 - 40% - 40% - 1:12
PK Forward
1 - 74% - 60% - 9:41
2 - 26% - 40% - 3:28
PK Defense
1 - 64% - 60% - 8:25
2 - 36% - 40% - 4:44
PK3 Forward
1 - 0% - 60%
2 - 0% - 40%
PK3 Defense
1 - 0% - 60%
2 - 0% - 40%
44 Forward
1 - 0% - 60%
2 - 0% - 40%
44 Defense
1 - 0% - 60%
2 - 0% - 40%
Last Minute Offensive - 0:00
Last Minute Defensive - 0:00
Total
Forward - 60:00
Defense - 60:00
|
Play-by-Play
1st period
0:01 of 1st period - Jordan Nolan wins face-off versus Sidney Crosby in neutral zone.
0:26 of 1st period - Dion Phaneuf is hit by Rickard Rakell.
0:36 of 1st period - Slapshot by Evgeni Malkin.
0:36 of 1st period - Shot Misses the Net.
0:38 of 1st period - Snap shot by Evgeni Malkin.
0:38 of 1st period - Stopped by Jaroslav Halak without a rebound.
0:39 of 1st period - Daniel Briere wins face-off versus Brandon Sutter in Lightning zone.
1:37 of 1st period - Snap shot by Mika Zibanejad.
1:37 of 1st period - Deflect By Jason Akeson.
1:37 of 1st period - Stopped by Ondrej Pavelec without a rebound.
1:38 of 1st period - Evgeni Malkin wins face-off versus Chad Larose in Senateurs zone.
2:12 of 1st period - Icing by Nate Prosser.
2:13 of 1st period - Mika Zibanejad wins face-off versus Evgeni Malkin in Senateurs zone.
2:14 of 1st period - Slapshot by Rasmus Ristolainen.
2:14 of 1st period - Deflect By Mika Zibanejad.
2:14 of 1st period - Shot Misses the Net.
2:14 of 1st period - Puck is out of play.
2:15 of 1st period - Sidney Crosby wins face-off versus Jordan Nolan in Senateurs zone.
2:28 of 1st period - Slapshot by Sidney Crosby.
2:28 of 1st period - Shot Misses the Net.
2:46 of 1st period - Snap shot by Ryan Hollweg.
2:46 of 1st period - Stopped by Jaroslav Halak with a rebound.
2:48 of 1st period - Slapshot by Duncan Keith.
2:48 of 1st period - Stopped by Jaroslav Halak without a rebound.
2:49 of 1st period - Stephane Da Costa wins face-off versus Brandon Sutter in Lightning zone.
3:04 of 1st period - Wrist shot by Ryan Hollweg.
3:04 of 1st period - Shot Misses the Net.
3:12 of 1st period - Wrist shot by Ryan Hollweg.
3:12 of 1st period - Stopped by Jaroslav Halak without a rebound.
3:13 of 1st period - Sidney Crosby wins face-off versus Mika Zibanejad in Lightning zone.
3:49 of 1st period - Wrist shot by Sergei Kostitsyn.
3:49 of 1st period - Shot Blocked by Jeff Schultz.
4:03 of 1st period - Snap shot by Brandon Sutter.
4:03 of 1st period - Shot Blocked by Evgeni Malkin.
4:24 of 1st period - Theo Peckham is hit by Nate Prosser and loses puck.
5:47 of 1st period - Off-side.
5:48 of 1st period - Mika Zibanejad wins face-off versus Sidney Crosby in neutral zone.
6:19 of 1st period - Wrist shot by Evgeni Malkin.
6:19 of 1st period - Stopped by Jaroslav Halak with a rebound.
6:21 of 1st period - Wrist shot by Cody Franson.
6:21 of 1st period - Stopped by Jaroslav Halak without a rebound.
6:22 of 1st period - Jordan Nolan wins face-off versus Evgeni Malkin in Lightning zone.
6:27 of 1st period - Mark Giordano is hit by Jordan Nolan and loses puck.
6:36 of 1st period - Wrist shot by Evgeni Malkin.
6:36 of 1st period - Deflect By Jordan Nolan.
6:36 of 1st period - Shot Blocked by Jeff Schultz.
6:36 of 1st period - Puck is out of play.
6:37 of 1st period - Mika Zibanejad wins face-off versus Sidney Crosby in Lightning zone.
6:42 of 1st period - Snap shot by Mika Zibanejad.
6:42 of 1st period - Shot Misses the Net.
6:44 of 1st period - Snap shot by Jason Akeson.
6:44 of 1st period - Shot Blocked by Sidney Crosby.
6:58 of 1st period - Minor Penalty to Cody Franson for Cross-checking.
6:59 of 1st period - Stephane Da Costa wins face-off versus Jordan Nolan in Senateurs zone.
7:14 of 1st period - Jordan Nolan is hit by Carlo Colaiacovo.
7:26 of 1st period - Mark Giordano is hit by Jeff Schultz and loses puck.
8:58 of 1st period - Penalty to Cody Franson is over, Cody Franson is back on ice.
9:10 of 1st period - Wrist shot by Sidney Crosby.
9:10 of 1st period - Deflect By Jamie Benn.
9:10 of 1st period - Shot Blocked by Justin Schultz.
9:10 of 1st period - Puck is out of play.
9:11 of 1st period - Brandon Sutter wins face-off versus Evgeni Malkin in Lightning zone.
9:20 of 1st period - Slapshot by Brad Boyes.
9:20 of 1st period - Shot Misses the Net.
9:22 of 1st period - Wrist shot by Brandon Sutter.
9:22 of 1st period - Stopped by Ondrej Pavelec with a rebound.
9:24 of 1st period - Slapshot by Theo Peckham.
9:24 of 1st period - Stopped by Ondrej Pavelec with a rebound.
9:26 of 1st period - Snap shot by Brad Boyes.
9:26 of 1st period - Deflect By Brandon Sutter.
9:26 of 1st period - Stopped by Ondrej Pavelec without a rebound.
9:27 of 1st period - Sidney Crosby wins face-off versus Mika Zibanejad in Senateurs zone.
9:58 of 1st period - Snap shot by Gabriel Landeskog.
9:58 of 1st period - Stopped by Ondrej Pavelec with a rebound.
10:00 of 1st period - Slapshot by Rasmus Ristolainen.
10:00 of 1st period - Deflect By Gabriel Landeskog.
10:00 of 1st period - Shot Blocked by Daniel Briere.
10:00 of 1st period - Puck is out of play.
10:01 of 1st period - Phil Kessel wins face-off versus Jordan Nolan in Senateurs zone.
10:50 of 1st period - Snap shot by Jamie Benn.
10:50 of 1st period - Stopped by Jaroslav Halak without a rebound.
10:51 of 1st period - Brandon Sutter wins face-off versus Daniel Briere in Lightning zone.
10:51 of 1st period - Brandon Sutter is hit by Daniel Briere.
11:01 of 1st period - Slapshot by Simon Gagné.
11:01 of 1st period - Stopped by Ondrej Pavelec with a rebound.
11:25 of 1st period - Rickard Rakell is hit by Carlo Colaiacovo and loses puck.
11:52 of 1st period - Slapshot by Rickard Rakell.
11:52 of 1st period - Shot Misses the Net.
11:54 of 1st period - Slapshot by Jeff Schultz.
11:54 of 1st period - Stopped by Ondrej Pavelec without a rebound.
11:55 of 1st period - Sidney Crosby wins face-off versus Jordan Nolan in Senateurs zone.
12:29 of 1st period - Slapshot by Gabriel Landeskog.
12:29 of 1st period - Shot Misses the Net.
12:31 of 1st period - Slapshot by Brent Burns.
12:31 of 1st period - Stopped by Ondrej Pavelec without a rebound.
12:32 of 1st period - Sidney Crosby wins face-off versus Mika Zibanejad in Senateurs zone.
13:02 of 1st period - Slapshot by Rasmus Ristolainen.
13:02 of 1st period - Shot Misses the Net.
13:34 of 1st period - Slapshot by Tyler Toffoli.
13:34 of 1st period - Stopped by Ondrej Pavelec without a rebound.
13:35 of 1st period - Evgeni Malkin wins face-off versus Mika Zibanejad in Senateurs zone.
14:07 of 1st period - Snap shot by Tyler Toffoli.
14:07 of 1st period - Deflect By Nate Prosser.
14:07 of 1st period - Stopped by Ondrej Pavelec without a rebound.
14:08 of 1st period - Daniel Briere wins face-off versus Jordan Nolan in Senateurs zone.
14:18 of 1st period - Off-side.
14:19 of 1st period - Evgeni Malkin wins face-off versus Jordan Nolan in neutral zone.
14:46 of 1st period - Evgeni Malkin is hit by Brandon Sutter and loses puck.
14:55 of 1st period - Snap shot by Simon Gagné.
14:55 of 1st period - Stopped by Ondrej Pavelec without a rebound.
14:56 of 1st period - Jordan Nolan wins face-off versus Colby Armstrong in Senateurs zone.
15:03 of 1st period - Tyler Toffoli is hit by Sidney Crosby and loses puck.
15:08 of 1st period - Wrist shot by Sidney Crosby.
15:08 of 1st period - Stopped by Jaroslav Halak without a rebound.
15:09 of 1st period - Jordan Nolan wins face-off versus Sidney Crosby in Lightning zone.
15:24 of 1st period - Wrist shot by Tyler Toffoli.
15:24 of 1st period - Stopped by Ondrej Pavelec with a rebound.
15:26 of 1st period - Snap shot by Tyler Toffoli.
15:26 of 1st period - Stopped by Ondrej Pavelec without a rebound.
15:27 of 1st period - Evgeni Malkin wins face-off versus Mika Zibanejad in Senateurs zone.
15:34 of 1st period - Jeff Schultz is hit by Daniel Sedin and loses puck.
15:57 of 1st period - Snap shot by Rasmus Ristolainen.
15:57 of 1st period - Deflect By Cody Franson.
15:57 of 1st period - Stopped by Ondrej Pavelec without a rebound.
15:58 of 1st period - Jordan Nolan wins face-off versus Sidney Crosby in Senateurs zone.
16:13 of 1st period - Snap shot by Gabriel Landeskog.
16:13 of 1st period - Stopped by Ondrej Pavelec with a rebound.
16:15 of 1st period - Snap shot by Tyler Toffoli.
16:15 of 1st period - Stopped by Ondrej Pavelec without a rebound.
16:16 of 1st period - Mika Zibanejad wins face-off versus Evgeni Malkin in Senateurs zone.
16:53 of 1st period - Slapshot by Rasmus Ristolainen.
16:53 of 1st period - Stopped by Ondrej Pavelec with a rebound.
16:55 of 1st period - Backhand shot by Rasmus Ristolainen.
16:55 of 1st period - Shot Blocked by Dion Phaneuf.
16:57 of 1st period - Backhand shot by Brandon Sutter.
16:57 of 1st period - Shot Misses the Net.
16:59 of 1st period - Slapshot by Brandon Sutter.
16:59 of 1st period - Stopped by Ondrej Pavelec with a rebound.
17:19 of 1st period - Wrist shot by Sidney Crosby.
17:19 of 1st period - Shot Misses the Net.
17:26 of 1st period - Minor Penalty to Colby Armstrong for High sticking.
17:27 of 1st period - Stephane Da Costa wins face-off versus Jordan Nolan in Senateurs zone.
17:57 of 1st period - Icing by Jeff Schultz.
17:58 of 1st period - Evgeni Malkin wins face-off versus Mika Zibanejad in Lightning zone.
18:13 of 1st period - Snap shot by Rickard Rakell.
18:13 of 1st period - Shot Blocked by Dion Phaneuf.
18:41 of 1st period - Slapshot by Rasmus Ristolainen.
18:41 of 1st period - Goal by Rasmus Ristolainen - Lightning : 1 - Senateurs : 0.
18:42 of 1st period - Jordan Nolan wins face-off versus Evgeni Malkin in neutral zone.
19:14 of 1st period - Backhand shot by Dion Phaneuf.
19:14 of 1st period - Deflect By Sidney Crosby.
19:14 of 1st period - Stopped by Jaroslav Halak with a rebound.
19:16 of 1st period - Snap shot by Colby Armstrong.
19:16 of 1st period - Stopped by Jaroslav Halak with a rebound.
19:18 of 1st period - Slapshot by Dion Phaneuf.
19:18 of 1st period - Deflect By Jamie Benn.
19:18 of 1st period - Stopped by Jaroslav Halak with a rebound.
19:20 of 1st period - Slapshot by Dion Phaneuf.
19:20 of 1st period - Deflect By Colby Armstrong.
19:20 of 1st period - Stopped by Jaroslav Halak without a rebound.
19:21 of 1st period - Mika Zibanejad wins face-off versus Daniel Briere in Lightning zone.
19:47 of 1st period - Jordan Nolan is hit by Cody Franson and loses puck.
Goals for this period are 1 for Lightning vs 0 for Senateurs.
Shots for this period are 19 for Lightning vs 12 for Senateurs.
2nd period
0:01 of 2nd period - Jordan Nolan wins face-off versus Colby Armstrong in neutral zone.
0:22 of 2nd period - Minor Penalty to Dion Phaneuf for High sticking.
0:23 of 2nd period - Stephane Da Costa wins face-off versus Jordan Nolan in Senateurs zone.
0:34 of 2nd period - Slapshot by Jordan Nolan.
0:34 of 2nd period - Stopped by Ondrej Pavelec with a rebound.
0:36 of 2nd period - Snap shot by Jordan Nolan.
0:36 of 2nd period - Shot Hit the Post.
0:50 of 2nd period - Rickard Rakell is hit by Evgeni Malkin and loses puck.
2:22 of 2nd period - Penalty to Dion Phaneuf is over, Dion Phaneuf is back on ice.
2:48 of 2nd period - Off-side.
2:49 of 2nd period - Mikael Backlund wins face-off versus Evgeni Malkin in neutral zone.
2:56 of 2nd period - Snap shot by Evgeni Malkin.
2:56 of 2nd period - Stopped by Jaroslav Halak without a rebound.
2:57 of 2nd period - Mika Zibanejad wins face-off versus Sidney Crosby in Lightning zone.
2:57 of 2nd period - Mika Zibanejad is hit by Duncan Keith.
3:14 of 2nd period - Minor Penalty to Nate Prosser for High sticking.
3:15 of 2nd period - Stephane Da Costa wins face-off versus Jordan Nolan in Senateurs zone.
3:56 of 2nd period - Wrist shot by Rickard Rakell.
3:56 of 2nd period - Stopped by Ondrej Pavelec without a rebound.
3:57 of 2nd period - Mika Zibanejad wins face-off versus Stephane Da Costa in Senateurs zone.
4:27 of 2nd period - Wrist shot by Stephane Da Costa.
4:27 of 2nd period - Stopped by Jaroslav Halak without a rebound.
4:28 of 2nd period - Evgeni Malkin wins face-off versus Jordan Nolan in Lightning zone.
4:29 of 2nd period - Snap shot by Ryan Hollweg.
4:29 of 2nd period - Stopped by Jaroslav Halak without a rebound.
4:30 of 2nd period - Jordan Nolan wins face-off versus Evgeni Malkin in Lightning zone.
5:14 of 2nd period - Penalty to Nate Prosser is over, Nate Prosser is back on ice.
5:19 of 2nd period - Snap shot by Gabriel Landeskog.
5:19 of 2nd period - Deflect By Tyler Toffoli.
5:19 of 2nd period - Shot Blocked by Radim Vrbata.
5:19 of 2nd period - Puck is out of play.
5:20 of 2nd period - Evgeni Malkin wins face-off versus Mika Zibanejad in Senateurs zone.
5:48 of 2nd period - Icing by Jeff Schultz.
5:49 of 2nd period - Sidney Crosby wins face-off versus Simon Gagné in Lightning zone.
6:04 of 2nd period - Slapshot by Jamie Benn.
6:04 of 2nd period - Stopped by Jaroslav Halak without a rebound.
6:05 of 2nd period - Jordan Nolan wins face-off versus Evgeni Malkin in Lightning zone.
7:02 of 2nd period - Daniel Briere is hit by Justin Schultz and loses puck.
8:02 of 2nd period - Snap shot by Jeff Schultz.
8:02 of 2nd period - Deflect By Jason Akeson.
8:02 of 2nd period - Shot Misses the Net.
8:02 of 2nd period - Puck is out of play.
8:03 of 2nd period - Mika Zibanejad wins face-off versus Sidney Crosby in Senateurs zone.
8:12 of 2nd period - Snap shot by Mika Zibanejad.
8:12 of 2nd period - Goal by Mika Zibanejad - Lightning : 2 - Senateurs : 0.
8:13 of 2nd period - Sidney Crosby wins face-off versus Gabriel Landeskog in neutral zone.
8:30 of 2nd period - Snap shot by Colby Armstrong.
8:30 of 2nd period - Stopped by Jaroslav Halak without a rebound.
8:31 of 2nd period - Evgeni Malkin wins face-off versus Mika Zibanejad in Lightning zone.
9:23 of 2nd period - Rasmus Ristolainen is hit by Radim Vrbata and loses puck.
9:28 of 2nd period - Wrist shot by Sergei Kostitsyn.
9:28 of 2nd period - Shot Misses the Net.
9:30 of 2nd period - Slapshot by Dion Phaneuf.
9:30 of 2nd period - Stopped by Jaroslav Halak with a rebound.
9:32 of 2nd period - Wrist shot by Radim Vrbata.
9:32 of 2nd period - Stopped by Jaroslav Halak with a rebound.
9:46 of 2nd period - Phil Kessel is hit by Jason Akeson and loses puck.
10:07 of 2nd period - Rasmus Ristolainen is hit by Nate Prosser.
10:15 of 2nd period - Duncan Keith is hit by Justin Schultz and loses puck.
10:36 of 2nd period - Snap shot by Gabriel Landeskog.
10:36 of 2nd period - Shot Blocked by Duncan Keith.
10:38 of 2nd period - Slapshot by Theo Peckham.
10:38 of 2nd period - Shot Blocked by Duncan Keith.
10:54 of 2nd period - Wrist shot by Colby Armstrong.
10:54 of 2nd period - Goal by Colby Armstrong - Lightning : 2 - Senateurs : 1.
10:55 of 2nd period - Sidney Crosby wins face-off versus Jordan Nolan in neutral zone.
10:57 of 2nd period - Off-side.
10:58 of 2nd period - Jordan Nolan wins face-off versus Sidney Crosby in neutral zone.
11:36 of 2nd period - Snap shot by Jamie Benn.
11:36 of 2nd period - Shot Blocked by Brent Burns.
11:38 of 2nd period - Snap shot by Sidney Crosby.
11:38 of 2nd period - Shot Misses the Net.
11:40 of 2nd period - Slapshot by Cody Franson.
11:40 of 2nd period - Stopped by Jaroslav Halak without a rebound.
11:41 of 2nd period - Evgeni Malkin wins face-off versus Mika Zibanejad in Lightning zone.
11:47 of 2nd period - Icing by Rickard Rakell.
11:48 of 2nd period - Evgeni Malkin wins face-off versus Mika Zibanejad in Lightning zone.
11:52 of 2nd period - Icing by Rasmus Ristolainen.
11:53 of 2nd period - Evgeni Malkin wins face-off versus Mika Zibanejad in Lightning zone.
12:02 of 2nd period - Slapshot by Evgeni Malkin.
12:02 of 2nd period - Deflect By Phil Kessel.
12:02 of 2nd period - Stopped by Jaroslav Halak without a rebound.
12:03 of 2nd period - Jordan Nolan wins face-off versus Evgeni Malkin in Lightning zone.
13:32 of 2nd period - Off-side.
13:33 of 2nd period - Sidney Crosby wins face-off versus Mika Zibanejad in neutral zone.
13:46 of 2nd period - Slapshot by Justin Schultz.
13:46 of 2nd period - Stopped by Ondrej Pavelec without a rebound.
13:47 of 2nd period - Daniel Briere wins face-off versus Mika Zibanejad in Senateurs zone.
14:02 of 2nd period - Snap shot by Sergei Kostitsyn.
14:02 of 2nd period - Deflect By Radim Vrbata.
14:02 of 2nd period - Stopped by Jaroslav Halak without a rebound.
14:03 of 2nd period - Sidney Crosby wins face-off versus Brandon Sutter in Lightning zone.
14:14 of 2nd period - Snap shot by Sidney Crosby.
14:14 of 2nd period - Stopped by Jaroslav Halak without a rebound.
14:15 of 2nd period - Mika Zibanejad wins face-off versus Sidney Crosby in Lightning zone.
15:03 of 2nd period - Daniel Sedin is hit by Jordan Nolan and loses puck.
15:10 of 2nd period - Wrist shot by Jordan Nolan.
15:10 of 2nd period - Stopped by Ondrej Pavelec with a rebound.
15:20 of 2nd period - Minor Penalty to Carlo Colaiacovo for Charging.
15:21 of 2nd period - Stephane Da Costa wins face-off versus Jordan Nolan in Senateurs zone.
17:20 of 2nd period - Penalty to Carlo Colaiacovo is over, Carlo Colaiacovo is back on ice.
17:31 of 2nd period - Daniel Sedin is hit by Brandon Sutter and loses puck.
17:59 of 2nd period - Minor Penalty to Theo Peckham for Tripping.
18:00 of 2nd period - Jamie Benn wins face-off versus Brandon Sutter in Lightning zone.
18:15 of 2nd period - Slapshot by Phil Kessel.
18:15 of 2nd period - Shot Misses the Net.
18:34 of 2nd period - Off-side.
18:35 of 2nd period - Daniel Briere wins face-off versus Brandon Sutter in neutral zone.
18:40 of 2nd period - Slapshot by Cody Franson.
18:40 of 2nd period - Stopped by Jaroslav Halak with a rebound.
18:42 of 2nd period - Slapshot by Cody Franson.
18:42 of 2nd period - Stopped by Jaroslav Halak with a rebound.
18:44 of 2nd period - Slapshot by Cody Franson.
18:44 of 2nd period - Shot Misses the Net.
18:46 of 2nd period - Snap shot by Daniel Briere.
18:46 of 2nd period - Goal by Daniel Briere - Lightning : 2 - Senateurs : 2.
18:47 of 2nd period - Sidney Crosby wins face-off versus Jason Akeson in neutral zone.
18:50 of 2nd period - Slapshot by Dion Phaneuf.
18:50 of 2nd period - Stopped by Jaroslav Halak without a rebound.
18:51 of 2nd period - Sidney Crosby wins face-off versus Mika Zibanejad in Lightning zone.
19:18 of 2nd period - Brent Burns is hit by Dion Phaneuf and loses puck.
Goals for this period are 1 for Lightning vs 2 for Senateurs.
Shots for this period are 5 for Lightning vs 16 for Senateurs.
3rd period
0:01 of 3rd period - Sidney Crosby wins face-off versus Mika Zibanejad in neutral zone.
0:10 of 3rd period - Slapshot by Rasmus Ristolainen.
0:10 of 3rd period - Goal by Rasmus Ristolainen - Lightning : 3 - Senateurs : 2.
0:11 of 3rd period - Mika Zibanejad wins face-off versus Sidney Crosby in neutral zone.
0:42 of 3rd period - Slapshot by Dion Phaneuf.
0:42 of 3rd period - Stopped by Jaroslav Halak with a rebound.
0:44 of 3rd period - Wrist shot by Sergei Kostitsyn.
0:44 of 3rd period - Shot Misses the Net.
0:46 of 3rd period - Snap shot by Dion Phaneuf.
0:46 of 3rd period - Stopped by Jaroslav Halak without a rebound.
0:47 of 3rd period - Brandon Sutter wins face-off versus Daniel Briere in Lightning zone.
0:47 of 3rd period - Brandon Sutter is hit by Radim Vrbata.
1:08 of 3rd period - Daniel Briere is hit by Brent Burns and loses puck.
1:22 of 3rd period - Minor Penalty to Carlo Colaiacovo for Hooking.
1:23 of 3rd period - Jordan Nolan wins face-off versus Stephane Da Costa in Senateurs zone.
1:27 of 3rd period - Wrist shot by Tyler Toffoli.
1:27 of 3rd period - Shot Misses the Net.
1:29 of 3rd period - Slapshot by Rasmus Ristolainen.
1:29 of 3rd period - Shot Blocked by Stephane Da Costa.
1:31 of 3rd period - Slapshot by Rasmus Ristolainen.
1:31 of 3rd period - Shot Misses the Net.
1:33 of 3rd period - Slapshot by Jeff Schultz.
1:33 of 3rd period - Shot Blocked by Radim Vrbata.
1:35 of 3rd period - Snap shot by Jordan Nolan.
1:35 of 3rd period - Shot Misses the Net.
1:37 of 3rd period - Slapshot by Jeff Schultz.
1:37 of 3rd period - Shot Blocked by Radim Vrbata.
1:39 of 3rd period - Snap shot by Tyler Toffoli.
1:39 of 3rd period - Shot Blocked by Mark Giordano.
3:22 of 3rd period - Penalty to Carlo Colaiacovo is over, Carlo Colaiacovo is back on ice.
3:52 of 3rd period - Theo Peckham is hit by Nate Prosser.
4:28 of 3rd period - Wrist shot by Evgeni Malkin.
4:28 of 3rd period - Stopped by Jaroslav Halak without a rebound.
4:29 of 3rd period - Mika Zibanejad wins face-off versus Sidney Crosby in Lightning zone.
5:28 of 3rd period - Snap shot by Rickard Rakell.
5:28 of 3rd period - Goal by Rickard Rakell - Lightning : 4 - Senateurs : 2.
5:29 of 3rd period - Sidney Crosby wins face-off versus Mika Zibanejad in neutral zone.
5:33 of 3rd period - Minor Penalty to Rickard Rakell for High sticking.
5:34 of 3rd period - Sidney Crosby wins face-off versus Brandon Sutter in Lightning zone.
5:46 of 3rd period - Snap shot by Phil Kessel.
5:46 of 3rd period - Deflect By Sidney Crosby.
5:46 of 3rd period - Goal by Sidney Crosby - Lightning : 4 - Senateurs : 3.
5:47 of 3rd period - Sidney Crosby wins face-off versus Gabriel Landeskog in neutral zone.
5:47 of 3rd period - Sidney Crosby is hit by Rasmus Ristolainen.
6:01 of 3rd period - Snap shot by Gabriel Landeskog.
6:01 of 3rd period - Stopped by Ondrej Pavelec without a rebound.
6:02 of 3rd period - Daniel Briere wins face-off versus Jason Akeson in Senateurs zone.
6:02 of 3rd period - Daniel Briere is hit by Rickard Rakell.
6:28 of 3rd period - Cody Franson is hit by Jeff Schultz and loses puck.
6:37 of 3rd period - Snap shot by Gabriel Landeskog.
6:37 of 3rd period - Deflect By Tyler Toffoli.
6:37 of 3rd period - Shot Misses the Net.
6:37 of 3rd period - Puck is out of play.
6:38 of 3rd period - Evgeni Malkin wins face-off versus Jordan Nolan in Senateurs zone.
6:46 of 3rd period - Minor Penalty to Justin Schultz for Roughing.
6:47 of 3rd period - Sidney Crosby wins face-off versus Brandon Sutter in Lightning zone.
8:46 of 3rd period - Penalty to Justin Schultz is over, Justin Schultz is back on ice.
9:31 of 3rd period - Slapshot by Andy Rogers.
9:31 of 3rd period - Deflect By Gabriel Landeskog.
9:31 of 3rd period - Stopped by Ondrej Pavelec with a rebound.
9:57 of 3rd period - Radim Vrbata is hit by Brad Boyes and loses puck.
10:04 of 3rd period - Rasmus Ristolainen is hit by Evgeni Malkin and loses puck.
10:47 of 3rd period - Chad Larose is hit by Phil Kessel and loses puck.
11:48 of 3rd period - Wrist shot by Jordan Nolan.
11:48 of 3rd period - Shot Blocked by Cody Franson.
12:15 of 3rd period - Chad Larose is hit by Radim Vrbata and loses puck.
13:17 of 3rd period - Brandon Sutter is hit by Sergei Kostitsyn and loses puck.
13:28 of 3rd period - Slapshot by Daniel Briere.
13:28 of 3rd period - Shot Misses the Net.
13:40 of 3rd period - Daniel Sedin is hit by Jeff Schultz and loses puck.
13:47 of 3rd period - Rasmus Ristolainen is hit by Phil Kessel and loses puck.
14:00 of 3rd period - Theo Peckham is hit by Ryan Hollweg and loses puck.
14:07 of 3rd period - Wrist shot by Michel Ouellet.
14:07 of 3rd period - Deflect By Stephane Da Costa.
14:07 of 3rd period - Shot Misses the Net.
14:07 of 3rd period - Puck is out of play.
14:08 of 3rd period - Sidney Crosby wins face-off versus Mika Zibanejad in Lightning zone.
14:09 of 3rd period - Slapshot by Colby Armstrong.
14:09 of 3rd period - Deflect By Jamie Benn.
14:09 of 3rd period - Shot Blocked by Jason Akeson.
14:09 of 3rd period - Puck is out of play.
14:10 of 3rd period - Sidney Crosby wins face-off versus Mika Zibanejad in Lightning zone.
14:13 of 3rd period - Snap shot by Sidney Crosby.
14:13 of 3rd period - Stopped by Jaroslav Halak with a rebound.
14:15 of 3rd period - Snap shot by Sidney Crosby.
14:15 of 3rd period - Stopped by Jaroslav Halak with a rebound.
14:40 of 3rd period - Slapshot by Sergei Kostitsyn.
14:40 of 3rd period - Shot Misses the Net.
14:52 of 3rd period - Slapshot by Jason Akeson.
14:52 of 3rd period - Shot Misses the Net.
14:54 of 3rd period - Snap shot by Jeff Schultz.
14:54 of 3rd period - Stopped by Ondrej Pavelec with a rebound.
14:56 of 3rd period - Slapshot by Mika Zibanejad.
14:56 of 3rd period - Stopped by Ondrej Pavelec with a rebound.
14:58 of 3rd period - Snap shot by Mika Zibanejad.
14:58 of 3rd period - Goal by Mika Zibanejad - Lightning : 5 - Senateurs : 3.
14:59 of 3rd period - Sidney Crosby wins face-off versus Jordan Nolan in neutral zone.
15:02 of 3rd period - Slapshot by Dion Phaneuf.
15:02 of 3rd period - Stopped by Jaroslav Halak without a rebound.
15:03 of 3rd period - Jordan Nolan wins face-off versus Sidney Crosby in Lightning zone.
15:05 of 3rd period - Icing by Justin Schultz.
15:06 of 3rd period - Sidney Crosby wins face-off versus Jordan Nolan in Lightning zone.
15:15 of 3rd period - Snap shot by Sidney Crosby.
15:15 of 3rd period - Deflect By Jamie Benn.
15:15 of 3rd period - Stopped by Jaroslav Halak with a rebound.
15:17 of 3rd period - Slapshot by Colby Armstrong.
15:17 of 3rd period - Stopped by Jaroslav Halak with a rebound.
15:19 of 3rd period - Snap shot by Colby Armstrong.
15:19 of 3rd period - Deflect By Tyler Toffoli.
15:19 of 3rd period - Stopped by Jaroslav Halak with a rebound.
15:29 of 3rd period - Wrist shot by Sidney Crosby.
15:29 of 3rd period - Stopped by Jaroslav Halak without a rebound.
15:30 of 3rd period - Daniel Briere wins face-off versus Brandon Sutter in Lightning zone.
15:56 of 3rd period - Minor Penalty to Stephane Da Costa for Hooking.
15:57 of 3rd period - Jordan Nolan wins face-off versus Daniel Briere in Senateurs zone.
16:02 of 3rd period - Slapshot by Jordan Nolan.
16:02 of 3rd period - Shot Misses the Net.
17:56 of 3rd period - Penalty to Stephane Da Costa is over, Stephane Da Costa is back on ice.
18:22 of 3rd period - Theo Peckham is hit by Duncan Keith.
18:57 of 3rd period - Daniel Sedin is hit by Rickard Rakell and loses puck.
19:05 of 3rd period - Icing by Carlo Colaiacovo.
19:06 of 3rd period - Sidney Crosby wins face-off versus Jordan Nolan in Senateurs zone.
19:06 of 3rd period - Sidney Crosby is hit by Gabriel Landeskog.
19:16 of 3rd period - Jordan Nolan is hit by Jamie Benn and loses puck.
19:57 of 3rd period - Cody Franson is hit by Jason Akeson and loses puck.
Goals for this period are 3 for Lightning vs 1 for Senateurs.
Shots for this period are 7 for Lightning vs 11 for Senateurs.
Back to the Top